Map: Abyssal Reef LE

Players

Gumiho - Winner!

  • Race: Terran Terran
  • League: Master
  • Spawn Location: 5:00

PtitDrogo

  • Race: Protoss Protoss
  • League: Master
  • Spawn Location: 11:00

Event: HomeStory Cup XV

VOD

Have the link to the VOD?

Description

Time

  • Played on: July 22, 2017, 4:05 p.m.
  • Length: 7:32

All games in this series

Show
View Real Time Build Order
Export as new Build Order

Gumiho Terran - Winner!

Build Orders: Cyclone Opening, Reaper Expand 

Get SALT Encoding   

  12  0:00  SCV  
  13  0:12  SCV  
  14  0:17  Supply Depot  
  14  0:24  SCV  
  15  0:38  SCV  
  15  0:39  Barracks  
  16  0:43  Refinery  
  16  0:50  SCV  
  17  1:02  SCV  
  18  1:14  SCV  
  19  1:26  Orbital Command, Reaper  
  20  1:40  Command Center  
  20  1:50  Supply Depot  
  20  1:52  SCV  
  21  1:57  Marine  
  22  2:04  SCV  
  22  2:08  Factory  
  23  2:15  Marine, Refinery  
  23  2:18  SCV  
  25  2:24  Engineering Bay  
  25  2:31  SCV  
  25  2:33  Marine  
  27  2:45  SCV  
  28  2:52  Cyclone  
  28  2:53  Orbital Command  
  28  2:58  Marine  
  31  3:03  SCV  
  31  3:04  Missile Turret  
  33  3:10  Starport  
  33  3:17  SCV  
  33  3:18  Barracks Reactor  
  33  3:19  SCV  
  34  3:24  Widow Mine  
  35  3:28  Missile Turret  
  35  3:31  SCV  
  36  3:35  SCV  
  36  3:39  Supply Depot  
  37  3:43  SCV, Terran Infantry Weapons Level 1  
  38  3:51  Viking  
  39  3:58  SCV x2  
  39  3:59  Marine x2  
  43  4:03  Barracks  
  43  4:10  SCV  
  43  4:12  Factory Tech Lab  
  43  4:13  Supply Depot  
  44  4:17  Marine x2  
  44  4:19  SCV  
  44  4:22  SCV  
  48  4:25  Starport Reactor  
  48  4:29  Barracks  
  48  4:31  SCV  
  49  4:34  SCV  
  49  4:35  Siege Tank  
  53  4:39  Supply Depot  
  53  4:41  Marine  
  53  4:42  Marine  
  55  4:46  SCV x2  
  55  4:50  Supply Depot  
  55  4:51  Barracks Tech Lab  
  57  4:55  Refinery  
  57  4:58  SCV x2  
  57  4:59  Marine  
  60  5:11  Marine  
  60  5:12  Stimpack  
  60  5:13  Marine, Starport Reactor  
  62  5:16  SCV x2  
  62  5:17  Marine  
  62  5:20  Supply Depot  
  65  5:26  Marine x2  
  67  5:29  Marine  
  67  5:31  Marine  
  67  5:32  Siege Tank  
  67  5:35  Marine  
  73  5:37  Terran Infantry Armor Level 1  
  73  5:44  Marine x2  
  73  5:47  Marine  
  73  5:48  SCV x2  
  73  5:49  Marine  
  77  5:50  Medivac  
  77  5:53  Marine  
  80  5:57  Supply Depot  
  80  5:59  Supply Depot  
  80  6:01  Medivac  
  80  6:02  Marine x2  
  84  6:05  Marine  
  84  6:07  Marine  
  84  6:10  Command Center  
  84  6:11  Marine  
  87  6:15  Siege Tank  
  90  6:20  Supply Depot  
  90  6:21  Marine x2  
  90  6:22  Marine  
  93  6:27  Medivac  
  93  6:30  Marine x2  
  97  6:39  Marine x2  
  99  6:40  Marine  
  99  6:41  SCV x2  
  102  6:47  Marine x2  
  104  6:56  Marine  
  104  6:57  Marine  
  104  6:58  Marine  
  104  7:05  Marine x2  
  106  7:13  Barracks  
  106  7:15  Barracks  
Show
View Real Time Build Order
Export as new Build Order

PtitDrogo Protoss 

Build Orders: Oracle Opening, Zealot Archon 

Get SALT Encoding   

  12  0:01  Probe (Chrono Boost)  
  13  0:11  Probe (Chrono Boost)  
  14  0:17  Pylon  
  14  0:22  Probe (Chrono Boost)  
  15  0:35  Probe (Chrono Boost)  
  16  0:36  Gateway  
  16  0:42  Assimilator  
  16  0:46  Probe (Chrono Boost)  
  17  0:51  Assimilator  
  17  0:56  Probe (Chrono Boost)  
  18  1:07  Probe (Chrono Boost)  
  19  1:17  Probe (Chrono Boost)  
  20  1:23  Cybernetics Core  
  20  1:28  Probe (Chrono Boost)  
  20  1:31  Pylon  
  21  1:38  Probe (Chrono Boost)  
  22  1:49  Probe (Chrono Boost)  
  23  2:00  Mothership Core (Chrono Boost)  
  25  2:01  Stargate  
  25  2:04  Adept (Chrono Boost)  
  27  2:20  Probe  
  28  2:32  Nexus  
  28  2:34  Warp Gate (Chrono Boost)  
  28  2:38  Pylon  
  28  2:46  Oracle (Chrono Boost)  
  31  2:56  Probe  
  31  2:57  Adept  
  34  3:08  Probe  
  35  3:20  Probe  
  35  3:21  Oracle (Chrono Boost)  
  39  3:40  Pylon  
  39  3:42  Probe  
  39  3:43  Probe  
  41  3:53  Probe  
  45  3:55  Probe  
  43  4:03  Probe  
  43  4:08  Probe  
  45  4:10  Nexus  
  45  4:14  Probe  
  45  4:16  Gateway  
  45  4:17  Gateway  
  46  4:20  Probe  
  46  4:21  Pylon  
  47  4:24  Probe  
  48  4:32  Probe  
  48  4:35  Probe  
  48  4:37  Sentry  
  52  4:44  Probe  
  52  4:45  Probe  
  53  4:47  Assimilator  
  53  4:50  Assimilator  
  54  4:54  Twilight Council  
  54  4:56  Probe x2  
  54  4:58  Forge  
  56  5:01  Sentry  
  56  5:06  Probe  
  58  5:08  Probe  
  58  5:12  Pylon  
  60  5:16  Sentry, Adept  
  60  5:17  Probe  
  60  5:18  Charge  
  60  5:20  Probe, Phoenix (Chrono Boost)  
  68  5:22  Probe  
  68  5:27  Zealot  
  68  5:28  Probe  
  71  5:32  Probe x2  
  74  5:36  Protoss Ground Weapons Level 1 (Chrono Boost)  
  74  5:38  Stalker  
  74  5:50  Probe  
  74  5:54  Probe  
  74  5:55  Probe, Gateway  
  74  5:56  Gateway  
  75  6:02  Probe  
  75  6:03  Templar Archives  
  77  6:07  Gateway  
  77  6:09  Probe  
  77  6:10  Probe  
  79  6:14  Probe  
  79  6:18  Pylon  
  80  6:20  Probe  
  80  6:23  Probe, Phoenix  
  84  6:33  Zealot x3  
  84  6:36  Probe  
  84  6:39  Gateway  
  91  6:40  Pylon  
  91  6:51  Phoenix  
  91  6:53  High Templar x2  
  93  6:55  Zealot  
  93  6:56  Zealot x2  
  93  6:57  Probe  
  93  6:59  Probe, Archon  
  93  7:00  Probe  
  98  7:09  Probe  
  95  7:20  Zealot, Stalker x3  
Tags
 
Add a new tag
Caveats
  • Supply blocks, unpowered buildings, or Contaminate may cause inaccurate times.
  • Supply counts are checked every 10 seconds.